Description

Two base, two gas Immortal, Adept all in with Warp prism. Extracted from a ladder game from SALTKING.

Replay: https://sc2replaystats.com/replay/8113383

Key points:

  • Watch the replay
  • Scout opponent
  • Only If opponent goes pool first, make an emergency-zealot
  • Chrono boost first adepts, go and scout / harass with them
  • Only 2x gas are needed, cut probe production when both mineral lines are saturated
  • Chrono boost key components of the build
  • When the two immortals and the warp prism finish go straight to opponent
  • Leading to the push build up supply reserve for warp ins

Benchmark: Be in opponents face with the warp prism, the two immortals and adepts before 6mins

Replay - Gannicus v SALTKING - Catalyst LE

Build Order

Get SALT Encoding   

  14  0:21  Pylon  
  16  0:45  Gateway  
  17  0:56  Assimilator  
  21  1:31  Nexus  
  21  1:38  Cybernetics Core  
  22  1:51  Assimilator  
  23  1:56  Pylon  
  23  2:10  Adept  
  26  2:24  Warp Gate  
  26  2:28  Robotics Facility  
  27  2:41  Adept  
  34  3:05  Immortal  
  40  3:21  Pylon  
  40  3:24  Gateway  
  42  3:31  Gateway  
  44  3:52  Immortal  
  49  4:03  Adept  
  50  4:15  Gateway x3  
  51  4:21  Warp Prism  
  51  4:24  Gateway  
  53  4:37  Pylon x2  
  53  4:51  Immortal  
  53  4:58  Adept x3  
  62  5:21  Adept x4  
Spawning Tool Build Advisor. Get it on Overwolf

Go to:

Details

  • Created by: j4ni
  • Published on: Aug 11, 2018
  • Modified on: Aug 12, 2018
  • Patch: 4.0.0
Show
View Real Time Build Order
Export as new Build Order

Comments (1)

On Aug. 12, 2018, 8:03 a.m., j4ni  said:

Replay:
https://sc2replaystats.com/replay/8113383

Key points:
-Scout opponent
-Only If opponent goes pool first, make an emergency-zealot
-Chrono boost first adepts, go and scout / harass with them
-Only 2x gas are needed, cut probe production when both mineral lines are saturated.
-When the two immortals and the warp prism finish go straight to opponent.
-Leading to the push build up supply reserve for warp ins.

Create an account to comment!